[Event "Titled Tuesday Blitz July 25 Early 2023"]
[White "Petrovic, Aleksa"]
[Black "Panesar Vedant"]
[WhiteFideId "967629"]
[BlackFideId "35033018"]
[WhiteElo "2500"]
[BlackElo "2713"]
[Result "1/2-1/2"]
[Round "8"]
[TimeControl "180+2"]
[Date "2023.07.25"]
[WhiteClock "0:00:34"]
[BlackClock "0:01:05"]
[Board "70"]

1. e4 e5 2. Nf3 Nf6 3. Nxe5 d6 4. Nd3 Nxe4 5. Qe2 Qe7 6. Nf4 Nc6 7. Nd5 Nd4 8. Nxe7 Nxe2 9. Bxe2 Bxe7 10. d3 Nc5 11. d4 Ne4 12. Bd3 d5 13. Nd2 Nxd2 14. Bxd2 f6 15. O-O-O Kf7 16. Rhe1 Bd6 17. h3 c6 18. Re2 Bd7 19. Rde1 Rhe8 20. Rxe8 Bxe8 21. Bf5 Rd8 22. c3 Bd7 23. Bxd7 Rxd7 24. Kc2 h5 25. Kd3 g5 26. h4 g4 27. g3 b5 28. Rf1 Re7 29. f4 Kg6 30. Re1 Rd7 31. Re8 Re7 32. Rxe7 Bxe7 33. b4 Kf5 34. a3 Bd8 35. Be3 Bc7 36. Bd2 a5 37. Be3 a4 38. Bd2 Bd6 39. Be3 Bc7 40. Bd2 Bd6 41. Be3 Bc7 1/2-1/2


[Site "https://www.chess.com"]

[Event "Titled Tuesday Blitz July 25 Early 2023"]
[White "Koellner, Ruben Gideon"]
[Black "Mmukka"]
[WhiteFideId "12993093"]
[WhiteElo "2712"]
[BlackElo "2498"]
[Result "1-0"]
[Round "8"]
[TimeControl "180+2"]
[Date "2023.07.25"]
[WhiteClock "0:01:58"]
[BlackClock "0:00:00"]
[Board "71"]

1. d4 d5 2. Nf3 Nf6 3. e3 e6 4. Nbd2 c5 5. c3 Nc6 6. Bd3 Be7 7. O-O O-O 8. dxc5 Bxc5 9. b4 Bd6 10. Bb2 a6 11. a3 Qe7 12. c4 dxc4 13. Nxc4 Bc7 14. Rc1 Rd8 15. Qc2 h6 16. Rfd1 Bd7 17. Qb1 Be8 18. h3 Rac8 19. e4 e5 20. Ne3 Qf8 21. Bc4 b5 22. Bb3 Bb6 23. Nd5 Nxd5 24. exd5 Nd4 25. Nxd4 Rxc1 26. Qxc1 exd4 27. Bxd4 Bxd4 28. Rxd4 Qd6 29. Qf4 Qxf4 30. Rxf4 Kf8 31. Re4 f6 32. Kf1 Bf7 33. Rd4 Ke7 34. d6+ Kf8 35. Bc2 Bc4+ 36. Ke1 Ke8 37. Kd2 Kd7 38. Bf5+ Kc6 39. Be4+ Kb6 40. Ke3 Be6 41. Kf4 a5 42. Bf5 Bf7 43. Bd3 axb4 44. axb4 Kc6 45. Be4+ Kb6 46. Kf5 Bg8 47. Kg6 Rd7 48. Bf5 Bf7+ 49. Kxg7 Be6+ 50. Kxf6 Bxf5 51. Kxf5 Kc6 52. Ke6 Rd8 53. d7 Kc7 54. Ke7 1-0


[Site "https://www.chess.com"]

[Event "Titled Tuesday Blitz July 25 Early 2023"]
[White "Turayev, Shahruh"]
[Black "Karamsetty, Jeevan"]
[WhiteFideId "14003856"]
[BlackFideId "2025337"]
[WhiteElo "2708"]
[BlackElo "2494"]
[Result "0-1"]
[Round "8"]
[TimeControl "180+2"]
[Date "2023.07.25"]
[WhiteClock "0:00:04"]
[BlackClock "0:00:04"]
[Board "72"]

1. e4 g6 2. Nc3 Bg7 3. d4 d6 4. Be3 a6 5. f3 b5 6. Rb1 Bb7 7. h4 h5 8. Nh3 Nd7 9. Ne2 c5 10. c3 Ngf6 11. Ng5 e6 12. Nf4 O-O 13. Bd3 e5 14. Ne2 c4 15. Bc2 d5 16. O-O dxe4 17. Nxe4 Nxe4 18. fxe4 Qxh4 19. d5 Nf6 20. Qe1 Qg4 21. Qf2 Nxe4 22. Bxe4 Qxe4 23. Bc5 Bxd5 24. Bxf8 Rxf8 25. Rbe1 Qg4 26. Qg3 Qd7 27. Rd1 Qc6 28. Kh1 h4 29. Qh3 g5 30. Ng1 f6 31. Nf3 Be6 32. Qh2 Bg4 33. Rfe1 h3 34. Qg3 hxg2+ 35. Kxg2 f5 36. Kf2 e4 37. Nxg5 Qb6+ 38. Kg2 Bxd1 39. Rxd1 f4 40. Qh4 f3+ 41. Kf1 Qg6 42. Rd6 Bf6 43. Rd7 Bxg5 44. Qg4 e3 45. Rd6 e2+ 46. Ke1 f2+ 47. Kxe2 f1=Q# 0-1


[Site "https://www.chess.com"]

[Event "Titled Tuesday Blitz July 25 Early 2023"]
[White "Lopez, Henry"]
[Black "Goltsev, Dmitry"]
[WhiteFideId "5203830"]
[BlackFideId "24176710"]
[WhiteElo "2490"]
[BlackElo "2706"]
[Result "1-0"]
[Round "8"]
[TimeControl "180+2"]
[Date "2023.07.25"]
[WhiteClock "0:01:24"]
[BlackClock "0:00:19"]
[Board "73"]

1. d4 Nf6 2. Nf3 e6 3. c4 b6 4. a3 Ba6 5. Nc3 Bxc4 6. e4 Bxf1 7. Kxf1 d6 8. h3 Be7 9. g4 O-O 10. Kg2 c5 11. d5 exd5 12. exd5 Nbd7 13. Bf4 Re8 14. Re1 Nf8 15. Bg3 Ng6 16. a4 a6 17. Qd3 Bf8 18. Rxe8 Qxe8 19. Re1 Qd7 20. Re2 Rb8 21. Qxa6 h5 22. g5 Nh7 23. h4 Qg4 24. Re4 Qf5 25. Qd3 Re8 26. Qe2 Ra8 27. Nh2 Nxg5 28. hxg5 h4 29. Bxh4 Nf4+ 30. Rxf4 Qxf4 31. Qg4 Qd2 32. g6 fxg6 33. Qxg6 Ra7 34. Ng4 Rf7 35. Nf6+ Rxf6 36. Bxf6 Qxb2 37. Ne4 Qa2 38. Bxg7 Qxd5 39. Bf6+ Bg7 40. Qxg7# 1-0


[Site "https://www.chess.com"]

[Event "Titled Tuesday Blitz July 25 Early 2023"]
[White "Djokic, Mihailo"]
[Black "Liu, Casper"]
[WhiteFideId "976440"]
[BlackFideId "1454153"]
[WhiteElo "2695"]
[BlackElo "2473"]
[Result "1-0"]
[Round "8"]
[TimeControl "180+2"]
[Date "2023.07.25"]
[WhiteClock "0:03:03"]
[BlackClock "0:02:43"]
[Board "74"]

1. e4 c5 2. Nf3 d6 3. d4 cxd4 4. Nxd4 Nf6 5. Nc3 Nc6 6. Bg5 Bd7 7. Qd2 Rc8 8. Bxf6 Nxd4 9. Bxd4 e5 10. Be3 Qa5 11. Nd5 Qxd2+ 12. Kxd2 Be6 13. c4 Bxd5 14. cxd5 Be7 15. Bb5+ 1-0


[Site "https://www.chess.com"]

[Event "Titled Tuesday Blitz July 25 Early 2023"]
[White "whiteglovethief"]
[Black "Goroshkov, Maksym"]
[BlackFideId "14142716"]
[WhiteElo "2471"]
[BlackElo "2687"]
[Result "1-0"]
[Round "8"]
[TimeControl "180+2"]
[Date "2023.07.25"]
[WhiteClock "0:02:39"]
[BlackClock "0:02:25"]
[Board "75"]

1. d4 Nf6 2. c4 e5 3. dxe5 Ng4 4. e3 Nxe5 5. Nh3 Nbc6 6. Nf4 Bb4+ 7. Bd2 Bxd2+ 8. Qxd2 d6 9. Nc3 O-O 10. Be2 Be6 11. b3 Bf5 12. e4 Bg6 13. O-O Re8 14. Nfd5 Nd7 15. Bd3 Nc5 16. Rae1 Qf6 17. Nxf6+ 1-0


[Site "https://www.chess.com"]

[Event "Titled Tuesday Blitz July 25 Early 2023"]
[White "Gubajdullin, Alexei"]
[Black "Molenda, Marcin"]
[WhiteFideId "4141202"]
[BlackFideId "1173065"]
[WhiteElo "2685"]
[BlackElo "2465"]
[Result "1-0"]
[Round "8"]
[TimeControl "180+2"]
[Date "2023.07.25"]
[WhiteClock "0:02:37"]
[BlackClock "0:02:44"]
[Board "76"]

1. d4 Nf6 2. Nf3 g6 3. Bf4 Bg7 4. e3 O-O 5. Be2 b6 6. O-O Bb7 7. h3 d6 8. a4 c5 9. a5 Nbd7 10. axb6 axb6 11. Nc3 Nd5 12. Nxd5 Bxd5 13. dxc5 bxc5 14. Qxd5 1-0


[Site "https://www.chess.com"]

[Event "Titled Tuesday Blitz July 25 Early 2023"]
[White "Shuvalova, Polina"]
[Black "Rietze, Clemens, Dr."]
[WhiteFideId "24171760"]
[BlackFideId "24620351"]
[WhiteElo "2663"]
[BlackElo "2465"]
[Result "1/2-1/2"]
[Round "8"]
[TimeControl "180+2"]
[Date "2023.07.25"]
[WhiteClock "0:00:05"]
[BlackClock "0:00:10"]
[Board "77"]

1. e4 c5 2. f4 Nc6 3. Nf3 g6 4. Bc4 Bg7 5. O-O e6 6. d3 Nge7 7. a3 O-O 8. Ba2 d5 9. e5 Nf5 10. c3 b5 11. Qe1 d4 12. c4 b4 13. g4 Ne3 14. Bxe3 dxe3 15. Qxe3 Bb7 16. Nbd2 f5 17. g5 Qd7 18. Rad1 Rfd8 19. Bb1 bxa3 20. bxa3 Nd4 21. Nxd4 cxd4 22. Qg3 Bf8 23. Bc2 Bxa3 24. Rb1 a5 25. Ba4 Qxa4 26. Rxb7 Rd7 27. Qf3 Rad8 28. Rxd7 Qxd7 29. Rb1 Bb4 30. Nf1 Rb8 31. h4 Qb7 32. Qf2 Qc6 33. h5 a4 34. hxg6 hxg6 35. Qh2 a3 36. Qh6 Qe8 37. Ng3 Qf7 38. Ne2 Qg7 39. Qxg7+ Kxg7 40. Nxd4 a2 41. Nxe6+ Kf7 42. Ra1 Kxe6 43. Rxa2 Bc5+ 44. Kg2 Be3 45. Kf3 Bd4 46. Ra6+ Rb6 47. Ra8 Rb1 48. Re8+ Kf7 49. Rd8 Rf1+ 50. Kg3 Be3 51. Rd7+ Kf8 52. d4 Bxf4+ 53. Kg2 Rc1 54. c5 Rc4 55. e6 Bxg5 56. Kf3 Ke8 57. Ke2 Bf6 58. Kd3 Rc1 59. Rf7 Rd1+ 60. Ke2 Rxd4 61. Rxf6 Ke7 62. Rxg6 Re4+ 63. Kf3 Rxe6 64. Rxe6+ Kxe6 65. Kf4 Kd5 66. Kxf5 Kxc5 1/2-1/2


[Site "https://www.chess.com"]

[Event "Titled Tuesday Blitz July 25 Early 2023"]
[White "Seemann, Jakub"]
[Black "Novikov, Evgenij"]
[WhiteFideId "21874697"]
[BlackFideId "4125380"]
[WhiteElo "2654"]
[BlackElo "2456"]
[Result "1-0"]
[Round "8"]
[TimeControl "180+2"]
[Date "2023.07.25"]
[WhiteClock "0:01:24"]
[BlackClock "0:00:00"]
[Board "78"]

1. c4 c6 2. Nf3 d6 3. e3 h6 4. Nc3 Nd7 5. b3 g5 6. Bb2 Bg7 7. Be2 Nf8 8. O-O Ng6 9. d4 g4 10. Nd2 h5 11. f3 Nf6 12. e4 gxf3 13. Bxf3 Ng4 14. Bxg4 Bxd4+ 15. Kh1 hxg4 16. Na4 Be5 17. Bxe5 Nxe5 18. Qe1 e6 19. Qg3 Qe7 20. c5 f6 21. cxd6 Qg7 22. Nc4 Nxc4 23. bxc4 b6 24. c5 b5 25. Nc3 Bd7 26. e5 f5 27. a4 b4 28. Ne2 a5 29. Nf4 Qh6 30. Rac1 Kf7 31. h3 Rag8 32. Qe3 gxh3 33. gxh3 Qh4 34. Rg1 Bc8 35. Rxg8 Rxg8 36. Rg1 Rxg1+ 37. Kxg1 Ba6 38. d7 Qg5+ 39. Kh2 Qd8 40. Qd4 Bc8 41. dxc8=Q Qxc8 42. Qd1 Qa6 43. Qh5+ Kf8 44. Qh8+ Ke7 45. Qf6+ Kd7 46. Qxe6+ Kd8 47. Qg8+ Kc7 48. Qf7+ Kb8 49. Qe8+ Ka7 50. Qd7+ Ka8 51. e6 Qf1 52. Ng2 f4 53. e7 1-0


[Site "https://www.chess.com"]

[Event "Titled Tuesday Blitz July 25 Early 2023"]
[White "Iskusnyh, Sergei"]
[Black "Manukian, Artak"]
[WhiteFideId "4120027"]
[BlackFideId "13301373"]
[WhiteElo "2625"]
[BlackElo "2450"]
[Result "1-0"]
[Round "8"]
[TimeControl "180+2"]
[Date "2023.07.25"]
[WhiteClock "0:00:15"]
[BlackClock "0:00:00"]
[Board "79"]

1. d4 d5 2. c4 dxc4 3. e3 e5 4. Bxc4 exd4 5. exd4 Nf6 6. Nf3 Be7 7. O-O O-O 8. Nc3 Bg4 9. h3 Bh5 10. g4 Nxg4 11. hxg4 Bxg4 12. Be2 Bf6 13. Be3 Nc6 14. d5 Ne7 15. Qa4 Bh5 16. Rad1 Qc8 17. Ne4 Qg4+ 18. Kh2 Be5+ 19. Nxe5 Qxe2 20. Ng3 Qxb2 21. Nxh5 Qxe5+ 22. Ng3 Nxd5 23. Bd4 Qg5 24. Qc2 Qh4+ 25. Kg1 Nf4 26. Qe4 Rfe8 27. Qf3 c6 28. Rfe1 Nd5 29. Rxe8+ Rxe8 30. Bxg7 Qg5 31. Bd4 Nf4 32. Be3 Nh3+ 33. Kf1 Qh4 34. Rd4 1-0


[Site "https://www.chess.com"]

[Event "Titled Tuesday Blitz July 25 Early 2023"]
[White "Pinero Rodriguez, Carlos Jose"]
[Black "Alvarado Diaz, Alejandro"]
[WhiteFideId "3901726"]
[BlackFideId "2276119"]
[WhiteElo "2611"]
[BlackElo "2447"]
[Result "1-0"]
[Round "8"]
[TimeControl "180+2"]
[Date "2023.07.25"]
[WhiteClock "0:00:29"]
[BlackClock "0:00:11"]
[Board "80"]

1. b3 c5 2. Bb2 Nc6 3. e3 e5 4. c4 g6 5. a3 Bg7 6. Qc2 Nge7 7. d3 O-O 8. Nd2 d6 9. Ngf3 f5 10. Be2 h6 11. h3 Be6 12. Rd1 a6 13. O-O g5 14. Nh2 Qd7 15. g4 Ng6 16. f3 Nh4 17. Bc3 b5 18. Nb1 h5 19. Be1 f4 20. Bxh4 gxh4 21. e4 Nd4 22. Qa2 Rab8 23. Nc3 bxc4 24. bxc4 Rb3 25. Nd5 Bxd5 26. cxd5 Rfb8 27. Rd2 Qa4 28. Bd1 Qa5 29. Bxb3 Rxb3 30. gxh5 Rxa3 31. Qb2 Rb3 32. Qc1 Qb5 33. Rg2 Kh7 34. h6 Bh8 35. Qe1 Bf6 36. Kh1 a5 37. Rfg1 a4 38. Rg7+ Bxg7 39. hxg7 Kg8 40. Qxh4 Qxd3 41. Qh8+ Kf7 42. g8=Q+ Ke7 43. Qhh7+ Kf6 44. Qhf7# 1-0


[Site "https://www.chess.com"]

[Event "Titled Tuesday Blitz July 25 Early 2023"]
[White "Parpiev, Isaak"]
[Black "Cheer_Down"]
[WhiteFideId "34281576"]
[WhiteElo "2610"]
[BlackElo "2445"]
[Result "0-1"]
[Round "8"]
[TimeControl "180+2"]
[Date "2023.07.25"]
[WhiteClock "0:00:00"]
[BlackClock "0:00:18"]
[Board "81"]

1. d4 d5 2. c4 e6 3. Nc3 Nf6 4. cxd5 exd5 5. Bg5 Be7 6. e3 c6 7. Bd3 Nbd7 8. Qc2 h6 9. Bh4 Nh5 10. Bxe7 Qxe7 11. g4 Nf4 12. Bf1 Nb6 13. O-O-O Ng6 14. Be2 Bd7 15. h3 O-O-O 16. Nf3 Kb8 17. Bd3 Nh4 18. Ne5 Bc8 19. Ne2 f6 20. Ng6 Nxg6 21. Bxg6 Nc4 22. Bd3 Nd6 23. Nf4 Rhe8 24. Bg6 Rg8 25. Bh7 Rge8 26. Bg6 Rg8 27. Bd3 g5 28. Nh5 Rgf8 29. Ng3 Bd7 30. Kb1 Rc8 31. Rc1 Rfe8 32. Rhe1 Qf8 33. f4 Re7 34. f5 Qe8 35. Qf2 b6 36. a3 Rc7 37. Re2 Bc8 38. Rce1 c5 39. dxc5 bxc5 40. Rc2 c4 41. Bf1 Nb5 42. Qd2 Qd8 43. Qb4 Rb7 44. Ka1 a5 45. Qd2 Qd6 46. Rd1 Red7 47. Bg2 Qxg3 48. Bf1 Qe5 49. Bxc4 dxc4 0-1


[Site "https://www.chess.com"]

[Event "Titled Tuesday Blitz July 25 Early 2023"]
[White "ArtemDyachuk"]
[Black "ZugZwang1201"]
[WhiteElo "2606"]
[BlackElo "2445"]
[Result "1-0"]
[Round "8"]
[TimeControl "180+2"]
[Date "2023.07.25"]
[WhiteClock "0:00:16"]
[BlackClock "0:00:05"]
[Board "82"]

1. e4 c5 2. Nf3 e6 3. d4 cxd4 4. Nxd4 a6 5. c4 Qc7 6. Nc3 Nf6 7. Be2 Be7 8. O-O h5 9. h3 d6 10. b3 b5 11. Bb2 b4 12. Na4 Nxe4 13. Bf3 Bb7 14. Qe2 Nf6 15. Rfe1 Nbd7 16. Rac1 Bxf3 17. Qxf3 O-O 18. Rcd1 Rfe8 19. Ne2 Nc5 20. Nxc5 dxc5 21. Nf4 h4 22. Be5 Qa5 23. Rd2 Rad8 24. Red1 Rxd2 25. Rxd2 Rd8 26. Rxd8+ Qxd8 27. Qb7 a5 28. Kh2 g5 29. Nd3 Ne8 30. Qe4 Bd6 31. f4 gxf4 32. Qxf4 Bxe5 33. Nxe5 Qc7 34. Kh1 Kf8 35. Ng6+ Kg7 36. Ne5 Kf8 37. Qh6+ Ke7 38. Qxh4+ Kf8 39. Qg3 Ke7 40. h4 Kf8 41. h5 Ke7 42. h6 f6 43. Ng6+ Kf7 44. Qxc7+ Nxc7 45. h7 Kg7 46. h8=Q+ Kxg6 47. Qc8 Kf5 48. Qxc7 1-0


[Site "https://www.chess.com"]

[Event "Titled Tuesday Blitz July 25 Early 2023"]
[White "Ahmad, Khagan"]
[Black "Rangel, Daniel"]
[WhiteFideId "13431552"]
[BlackFideId "2124475"]
[WhiteElo "2595"]
[BlackElo "2439"]
[Result "1-0"]
[Round "8"]
[TimeControl "180+2"]
[Date "2023.07.25"]
[WhiteClock "0:00:10"]
[BlackClock "0:00:02"]
[Board "83"]

1. c4 Nf6 2. Nf3 e6 3. d4 d5 4. g3 Be7 5. Bg2 O-O 6. O-O a5 7. Nc3 c6 8. Bg5 b6 9. Ne5 Nfd7 10. Bxe7 Qxe7 11. cxd5 cxd5 12. e4 Nxe5 13. dxe5 Ba6 14. exd5 Bxf1 15. d6 Qa7 16. Qxf1 Nd7 17. Bxa8 Qxa8 18. f4 f6 19. Qc4 Nc5 20. Rf1 fxe5 21. fxe5 Rxf1+ 22. Qxf1 Nd7 23. Qc4 Kf7 24. Nb5 Qf3 25. Qf4+ Qxf4 26. gxf4 g5 27. fxg5 Nxe5 28. Kg2 Nd3 29. h4 Nxb2 30. h5 Nc4 31. g6+ hxg6 32. hxg6+ Kf6 33. d7 Ne3+ 34. Kf3 Ke7 35. Kxe3 Kxd7 36. g7 Kc6 37. Nd4+ 1-0


[Site "https://www.chess.com"]

[Event "Titled Tuesday Blitz July 25 Early 2023"]
[White "Al-Tarboush, Ward"]
[Black "Marn, Jan"]
[WhiteFideId "7601450"]
[BlackFideId "14619245"]
[WhiteElo "2585"]
[BlackElo "2428"]
[Result "0-1"]
[Round "8"]
[TimeControl "180+2"]
[Date "2023.07.25"]
[WhiteClock "0:00:48"]
[BlackClock "0:00:10"]
[Board "84"]

1. e4 e5 2. Nf3 Nc6 3. Bb5 Nge7 4. O-O Ng6 5. c3 Be7 6. d4 O-O 7. Bxc6 dxc6 8. dxe5 Bg4 9. Nbd2 Nxe5 10. h3 Bh5 11. g4 Nxf3+ 12. Nxf3 Bg6 13. Qxd8 Raxd8 14. Re1 Rd3 15. Ne5 Rxh3 16. Kg2 Rh4 17. Nxg6 hxg6 18. f3 f6 19. Bf4 Bd6 20. Bxd6 cxd6 21. Rad1 Rd8 22. Rd2 Kf7 23. Red1 Ke7 24. b4 g5 25. c4 Rhh8 26. a4 Rd7 27. Kg3 Rhd8 28. Rh1 d5 29. exd5 cxd5 30. Re1+ Kf7 31. Red1 d4 32. Kf2 d3 33. Rc1 Rd4 34. Rc3 Ke6 35. Ke3 Rf4 36. a5 Rdd4 37. c5 Rxb4 38. a6 bxa6 39. c6 Rfc4 40. Rdxd3 Rxc3 41. Rxc3 Rb8 42. Ra3 Rb6 43. Rc3 Rb8 44. Ra3 Rc8 45. Rxa6 Rc7 46. Kd4 Kd6 47. Ke4 Kc5 48. Kf5 Kb5 49. Ra1 Kxc6 50. Kg6 Kd5 51. Rd1+ Ke5 52. Ra1 Kf4 53. Ra3 Re7 54. Kh7 a5 55. Kg6 Ra7 56. Ra4+ Kxf3 57. Kf5 Kg3 58. Ra3+ Kh4 59. Ra4 Re7 60. Kg6 Rb7 61. Kf5 Rb4 62. Ra1 a4 63. Rh1+ Kg3 64. Rg1+ Kf2 65. Ra1 Rf4+ 66. Kg6 Rxg4 67. Kxg7 Rf4 68. Kg6 g4 69. Ra2+ Kg1 70. Ra1+ Kh2 71. Ra2+ Kh3 72. Kh5 g3 73. Ra3 Kh2 74. Re3 g2 0-1


[Site "https://www.chess.com"]

[Event "Titled Tuesday Blitz July 25 Early 2023"]
[White "Vovk, Orest"]
[Black "Omariev, Maksim"]
[WhiteFideId "14113490"]
[BlackFideId "4193423"]
[WhiteElo "2577"]
[BlackElo "2416"]
[Result "0-1"]
[Round "8"]
[TimeControl "180+2"]
[Date "2023.07.25"]
[WhiteClock "0:00:07"]
[BlackClock "0:00:15"]
[Board "85"]

1. g4 h5 2. g5 d5 3. Bg2 g6 4. e4 dxe4 5. Bxe4 Bg7 6. Nf3 e5 7. Nc3 Ne7 8. d3 Nbc6 9. Bd2 Be6 10. Ne2 Qd7 11. c3 O-O 12. Qc2 Rfd8 13. O-O-O a5 14. Kb1 Nf5 15. Ng3 Nd6 16. Nh4 b5 17. Be3 a4 18. Bc5 Ra6 19. Ba3 Rb8 20. Bc5 b4 21. cxb4 Nxb4 22. Bxb4 Rxb4 23. Rc1 Nb5 24. Bc6 Na3+ 25. Ka1 Nxc2+ 26. Rxc2 Rxc6 27. Rxc6 Qxc6 28. Ne4 Rxe4 0-1


[Site "https://www.chess.com"]

[Event "Titled Tuesday Blitz July 25 Early 2023"]
[White "Harriott, Tyrell"]
[Black "Thecourseoisildur"]
[WhiteFideId "2086484"]
[WhiteElo "2398"]
[BlackElo "2572"]
[Result "1-0"]
[Round "8"]
[TimeControl "180+2"]
[Date "2023.07.25"]
[WhiteClock "0:00:43"]
[BlackClock "0:00:14"]
[Board "86"]

1. d4 Nf6 2. e3 g6 3. Bd3 Bg7 4. f4 b6 5. Nf3 Bb7 6. O-O O-O 7. f5 d6 8. Qe1 Bxf3 9. Rxf3 e5 10. Rf1 Nc6 11. c3 Re8 12. Qg3 Ne7 13. Nd2 Qd7 14. e4 exd4 15. cxd4 Nh5 16. Qf2 Nc6 17. Nf3 Nf6 18. Qh4 Nb4 19. Bb1 Qc6 20. e5 dxe5 21. dxe5 Nh5 22. Qxb4 Bxe5 23. Nxe5 Rxe5 24. Qg4 Nf6 25. Qf3 Qxf3 26. gxf3 Re2 27. Bd3 Re5 28. Bf4 Rd5 29. Be4 Nxe4 30. fxe4 Rd4 31. Rae1 c5 32. Bh6 Re8 33. e5 Rh4 34. Bc1 c4 35. e6 fxe6 36. fxe6 Rg4+ 37. Kh1 Rd4 38. Bg5 Rd6 39. e7 Rd5 40. Bh6 Rf5 41. Rxf5 gxf5 42. Bg5 Kf7 43. Kg2 b5 44. Kf3 a5 45. Kf4 b4 46. Kxf5 c3 47. bxc3 bxc3 48. Rc1 Rc8 49. Rc2 Rc5+ 50. Kg4 Rc4+ 51. Kh5 Rc5 52. Rf2+ 1-0


[Site "https://www.chess.com"]

[Event "Titled Tuesday Blitz July 25 Early 2023"]
[White "Vlassov, Nikolai"]
[Black "Namitbir Singh Walia"]
[WhiteFideId "4103360"]
[BlackFideId "35071068"]
[WhiteElo "2568"]
[BlackElo "2396"]
[Result "1-0"]
[Round "8"]
[TimeControl "180+2"]
[Date "2023.07.25"]
[WhiteClock "0:00:15"]
[BlackClock "0:00:00"]
[Board "87"]

1. e4 c5 2. c3 d5 3. exd5 Qxd5 4. d4 Nc6 5. Nf3 Nf6 6. Be3 cxd4 7. cxd4 e6 8. a3 Be7 9. Nc3 Qd8 10. Qc2 O-O 11. Bd3 h6 12. Rc1 b6 13. O-O Bb7 14. Rfd1 Rc8 15. Qd2 Na5 16. Bxh6 Bxf3 17. gxf3 Nb3 18. Qg5 Ne8 19. Qh5 f5 20. Kh1 Nxc1 21. Bxc1 Nf6 22. Qh3 Qe8 23. Rg1 Qh5 24. Qg3 Rf7 25. Bf4 Nd5 26. Nxd5 exd5 27. Be5 Bf8 28. Qf4 Rc6 29. Rg5 Qh7 30. Bxf5 Qh6 31. Kg2 1-0


[Site "https://www.chess.com"]

[Event "Titled Tuesday Blitz July 25 Early 2023"]
[White "TomLiu777"]
[Black "vishwa_vijeta"]
[WhiteElo "2395"]
[BlackElo "2557"]
[Result "0-1"]
[Round "8"]
[TimeControl "180+2"]
[Date "2023.07.25"]
[WhiteClock "0:00:00"]
[BlackClock "0:00:03"]
[Board "88"]

1. c4 c5 2. Nc3 g6 3. g3 Bg7 4. Bg2 Nc6 5. b3 e5 6. Bb2 Nge7 7. e3 d6 8. Nge2 O-O 9. d3 f5 10. Kd2 Be6 11. Nd5 Rc8 12. h4 h5 13. Nec3 Nb4 14. Nxe7+ Qxe7 15. a3 Nc6 16. Nd5 Qf7 17. Qc2 Ne7 18. Nxe7+ Qxe7 19. Rae1 Qf7 20. f4 b6 21. Bc3 Rfd8 22. Kc1 b5 23. Rhf1 e4 24. dxe4 bxc4 25. bxc4 Bxc4 26. exf5 Bb3 27. Qd3 Bc4 28. Qc2 Bb3 29. Qd3 c4 30. Qd2 Qxf5 31. Bd5+ Kh7 32. e4 Qf8 33. f5 Bh6 34. Rf4 gxf5 35. exf5 Re8 36. Re6 Rxe6 37. Bxe6 Re8 38. Qd4 d5 39. Qxa7+ Re7 40. Qd4 Re8 41. Qa7+ Re7 42. Qd4 Rg7 43. Bb4 Qe8 44. Bxd5 Qe2 45. Qe4 Qxe4 46. Bxe4 Rxg3 47. f6+ Kg8 48. f7+ Kh8 49. f8=Q+ Bxf8 50. Rxf8+ Kg7 51. Rf5 Rg4 52. Rg5+ Rxg5 53. hxg5 h4 54. Be7 Kf7 55. Bc5 c3 56. Bd4 h3 57. Be5 Ke6 58. Bxc3 h2 59. Bb4 Bd5 60. Bxd5+ Kxd5 0-1


[Site "https://www.chess.com"]

[Event "Titled Tuesday Blitz July 25 Early 2023"]
[White "Andreev, Konstantin"]
[Black "Girinath, P.D.S."]
[WhiteFideId "24239305"]
[BlackFideId "5000572"]
[WhiteElo "2542"]
[BlackElo "2380"]
[Result "1-0"]
[Round "8"]
[TimeControl "180+2"]
[Date "2023.07.25"]
[WhiteClock "0:02:40"]
[BlackClock "0:01:40"]
[Board "89"]

1. e4 e6 2. d4 d5 3. Nc3 Nf6 4. e5 Nfd7 5. f4 c5 6. Nf3 Nc6 7. Be3 a6 8. Qd2 b5 9. Qf2 Qb6 10. a3 f5 11. exf6 Nxf6 12. dxc5 Bxc5 13. Bxc5 1-0


[Site "https://www.chess.com"]

[Event "Titled Tuesday Blitz July 25 Early 2023"]
[White "Yurtseven, Melih"]
[Black "Vujacic, Igor"]
[WhiteFideId "6312160"]
[BlackFideId "932620"]
[WhiteElo "2539"]
[BlackElo "2363"]
[Result "0-1"]
[Round "8"]
[TimeControl "180+2"]
[Date "2023.07.25"]
[WhiteClock "0:02:32"]
[BlackClock "0:02:15"]
[Board "90"]

1. d4 d5 2. Nf3 e6 3. Bf4 c5 4. e3 Nc6 5. Nbd2 Bd6 6. Ne5 cxd4 7. Nxc6 bxc6 8. Bxd6 Qxd6 9. exd4 Qb4 10. c3 Qxb2 11. Rb1 Qxc3 12. Rc1 Qxd4 13. Rxc6 Ne7 14. Rc7 Qe5+ 0-1


[Site "https://www.chess.com"]

[Event "Titled Tuesday Blitz July 25 Early 2023"]
[White "Thiel, Thomas"]
[Black "Santos Flores, Alberto"]
[WhiteFideId "4615964"]
[BlackFideId "3601234"]
[WhiteElo "2285"]
[BlackElo "2533"]
[Result "0-1"]
[Round "8"]
[TimeControl "180+2"]
[Date "2023.07.25"]
[WhiteClock "0:01:11"]
[BlackClock "0:01:13"]
[Board "91"]

1. e4 e6 2. d4 d5 3. Nc3 Nf6 4. Bg5 Bb4 5. e5 h6 6. Bd2 Bxc3 7. bxc3 Ne4 8. Bc1 c5 9. Ne2 cxd4 10. cxd4 Nc6 11. c3 Qa5 12. Bd2 b6 13. f3 Nxd2 14. Qxd2 Ba6 15. Nc1 Bxf1 16. Kxf1 Qa6+ 17. Qe2 Qxe2+ 18. Kxe2 Na5 19. Nb3 Nc4 20. Nd2 Rc8 21. Nxc4 Rxc4 22. Rhc1 Kd7 23. a4 Rhc8 24. Kd3 R8c6 25. a5 b5 26. Kd2 b4 27. Kd3 Rxc3+ 28. Rxc3 Rxc3+ 29. Kd2 Kc6 30. f4 Kb5 31. g4 Rh3 32. f5 Rxh2+ 33. Ke3 Rh3+ 34. Kd2 Rf3 35. fxe6 fxe6 36. Rg1 Kxa5 37. g5 hxg5 38. Rxg5 Rf7 39. Rg6 Re7 40. Kc2 Kb5 41. Kb3 a5 0-1


[Site "https://www.chess.com"]

[Event "Titled Tuesday Blitz July 25 Early 2023"]
[White "Luxama, Jacques Muller"]
[Black "Makkar, Rajat"]
[WhiteFideId "11900113"]
[BlackFideId "36016810"]
[WhiteElo "2218"]
[BlackElo "2528"]
[Result "1-0"]
[Round "8"]
[TimeControl "180+2"]
[Date "2023.07.25"]
[WhiteClock "0:02:39"]
[BlackClock "0:02:24"]
[Board "92"]

1. e4 c5 2. Nf3 Nc6 3. Bc4 e6 4. O-O Nf6 5. Re1 Be7 6. e5 Nd5 7. Bxd5 exd5 8. d4 cxd4 9. Nxd4 O-O 10. Nc3 d6 11. exd6 Qxd6 12. Ndb5 Qg6 13. Nxd5 Bd6 14. Nxd6 Qxd6 15. Ne7+ 1-0


[Site "https://www.chess.com"]

[Event "Titled Tuesday Blitz July 25 Early 2023"]
[White "Zhigalko, Sergei"]
[Black "arturdailima"]
[WhiteFideId "13502956"]
[WhiteElo "2863"]
[BlackElo "2339"]
[Result "1-0"]
[Round "8"]
[TimeControl "180+2"]
[Date "2023.07.25"]
[WhiteClock "0:00:04"]
[BlackClock "0:00:00"]
[Board "93"]

1. e4 c5 2. Nf3 d6 3. d4 cxd4 4. Qxd4 Nc6 5. Bb5 Bd7 6. Bxc6 Bxc6 7. Nc3 Nf6 8. Bg5 e6 9. O-O-O h6 10. Bh4 Be7 11. Rhe1 O-O 12. Kb1 Qa5 13. Qd2 Rfe8 14. Nd4 a6 15. f3 Nxe4 16. Rxe4 Bxe4 17. Bxe7 Bxc2+ 18. Nxc2 Rxe7 19. Qxd6 Ree8 20. Qb4 Qg5 21. Qg4 Qxg4 22. fxg4 Red8 23. Kc1 Rxd1+ 24. Kxd1 Rd8+ 25. Ke2 Kf8 26. Ke3 Ke7 27. Nd4 g6 28. a4 e5 29. Nf3 Ke6 30. g5 h5 31. Ke4 b5 32. axb5 axb5 33. Nxe5 b4 34. Nb5 Rd2 35. Nd3 f5+ 36. Ke3 Rd1 37. Nxb4 f4+ 38. Ke2 Rh1 39. h3 Kf5 40. Nd4+ Kxg5 41. Nd3 Rb1 42. Ne6+ Kf6 43. Nexf4 h4 44. Nd5+ Kf5 45. Nc3 Rg1 46. Kf2 Ra1 47. Kf3 g5 48. Kf2 Ra8 49. Ne2 Rd8 50. Ke3 Re8+ 51. Kd2 Rd8 52. Nc3 Rd7 53. Ke3 Re7+ 54. Kf3 Rd7 55. Nf2 Rd2 56. b4 Rb2 57. Nd5 Ke5 58. Ne3 Kf6 59. Ne4+ Kg6 60. Nd5 Rb3+ 61. Nec3 Kf5 62. b5 Ke5 63. b6 Kd6 64. Kg4 Rb2 65. Kxg5 Rxg2+ 66. Kxh4 Kc6 67. Kh5 Rg3 68. h4 Rg1 69. Kh6 Rg2 70. h5 Rg1 71. Kh7 Rg2 72. h6 Rg1 73. Kh8 Rg2 74. h7 Rg1 75. Ne2 Rg6 76. Nef4 Rg4 77. Ne7+ Kxb6 78. Neg6 Rg1 79. Nh4 Rg4 80. Nfg6 Rc4 81. Nf5 Rc8+ 82. Kg7 Rc7+ 83. Nfe7 Rc8 84. Nf8 1-0


[Site "https://www.chess.com"]